AoeStats
← Clueless Clown

Hill Fort

505333912Analyzed
2v2 RM · 23d ago on Sep 8, 2026· 23m 7s· 4 players
Game mode
Random Map
Map size
Medium (4 player)
Population
200
Speed
Normal
Resources
Standard
Victory
Conquest
Starting age
Dark Age
Ending age
Imperial Age
RankedLock teamsTeams togetherTeam positionsShared explorationLock speedFull tech treeHidden civsTurbo modeCheats
Victory
Defeat
🇬🇧 Lithuanians · United Kingdom
1219
+12
🇺🇸 Jurchens · United States
1061
+17
🇳🇴 Lithuanians · Norway
1125
-15
🇺🇸 Burgundians · United States
1101
-14
Zaza
10:56 Feudal Age
16:42 Castle Age
15:40 Double-Bit Axe
15:58 Loom
17:07 Gold Mining
17:27 Scale Barding Armor
18:10 Wheelbarrow
20:20 Fervor
23:06 Bloodlines
22:56 Husbandry
talkin
3:54 Double-Bit Axe
10:33 Feudal Age
12:15 Loom
16:29 Castle Age
15:22 Bow Saw
16:30 Gold Mining
Fading
10:11 Feudal Age
10:46 Loom
16:11 Castle Age
15:11 Double-Bit Axe
15:08 Horse Collar
17:15 Heavy Plow
18:05 Bow Saw
20:28 Wheelbarrow
21:46 Gold Mining
Clueless Clown
6:50 Loom
10:05 Feudal Age
14:00 Castle Age
16:47 Gambesons
18:01 Arson
19:36 Scale Mail Armor
20:38 Chain Mail Armor
21:47 Squires
23:36 Forging
Connection lost

Rejoining the realm…

Still unreachable

The connection could not be restored.

Session expired

The server has moved on; the page needs a fresh start.